 Dungeon Crawl Stone Soup version 0.18-a0-1088-g34ef3a2 (webtiles) character file.

119 Ijustatesigmund the Distorting Demonspawn (level 4, 0/37 HPs)
             Began as a Demonspawn Abyssal Knight on Jan 15, 2016.
             Was a Believer of Lugonu.
             Hit by a tomahawk thrown by an orc warrior (10 damage)
             ... on level 3 of the Dungeon.
             The game lasted 00:06:14 (2009 turns).

Ijustatesigmund the Distorting Demonspawn (DsAK)    Turns: 2009, Time: 00:06:14

Health: 0/37       AC:  6    Str: 12    XL:     4   Next: 73%
Magic:  6/7        EV: 10    Int: 14    God:    Lugonu [**....]
Gold:   130        SH:  0    Dex: 15    Spells: 0 memorised, 3 levels left

rFire  . . .     SeeInvis .     a - +1 mace
rCold  . . .     Gourm    .     d - +1 ring mail
rNeg   . . .     Faith    .     (no shield)
rPois  .         Spirit   .     (no helmet)
rElec  .         Dismiss  .     (no cloak)
rCorr  .         Reflect  .     (no gloves)
SustAt .         Harm     .     (no boots)
MR     .....                    (no amulet)
Stlth  +.........               (no ring)
                                (no ring)

@: not resistant to hostile enchantments, very unstealthy
A: thin skeletal structure 1, powered by death 1
a: Depart the Abyss, Bend Space, Renounce Religion


You were on level 3 of the Dungeon.
You worshipped Lugonu.
Lugonu was pleased with you.
You were hungry.

You visited 1 branch of the dungeon, and saw 4 of its levels.
You visited the Abyss 1 time.

You collected 130 gold pieces.

Inventory:

Hand Weapons
 a - a +1 mace (weapon)
 k - a +0 hunting sling of flaming
Armour
 d - a +1 ring mail (worn)
Jewellery
 g - a +3 ring of protection {unknown}
Scrolls
 n - a scroll of teleportation
Potions
 e - a potion of invisibility {unknown}
 f - a potion of resistance {unknown}
 h - a potion of heal wounds
 j - a potion of cancellation {unknown}
 m - a potion of curing {unknown}
Comestibles
 b - a beef jerky
 c - a bread ration
 i - 2 meat rations


   Skills:
 + Level 3.8 Fighting
 * Level 3.3 Maces & Flails
 - Level 1.7 Armour
 - Level 0.8 Dodging
 + Level 4.0 Invocations


You had 3 spell levels left.
You didn't know any spells.

Dungeon Overview and Level Annotations

Branches:
Dungeon (4/15)
 Temple: D:4-7

Altars:

Annotations:
D:2 Sigmund
D:4 nublet's ghost, amateur CeCj


Innate Abilities, Weirdness & Mutations

You have a somewhat thin skeletal structure (Dex +2, Stealth).
You regenerate a little health from kills.


Message History

You kill the rat!
Lugonu accepts your kill. The orc warrior barely misses you.
The orc warrior hits you with a trident.
The orc shouts!
You hit the orc warrior but do no damage.
The orc warrior misses you. The orc closely misses you.
You sock the orc warrior!
The orc warrior is moderately wounded.
The orc warrior hits you with a trident!
The orc hits you from afar with a trident.
* * * LOW HITPOINT WARNING * * *
The orc hits you but does no damage. Space bends around you!
You blink.
* * * LOW HITPOINT WARNING * * *
You feel slightly more hungry. The orc misses you.
The orc hits you but does no damage.
You feel less regenerative.
The orc warrior throws a tomahawk.
The tomahawk hits you!
You die...

###.#.#..#.###..# ###..#########
# #...#..#.# #..######..#........
# #.#.#..#.# #..........#........
# #.#.#..#.# #..........#........
# #.#.#..#.# #..........#........
###.#.#..#.# #..######..#....[...
...........# #..# #..#........
##.##.#..#.###..######o..........
......#.........@....oo....).....
...........###..#######.#........
#...............### #.#########
..................#####.#########
.................................
#...#.#.###.##..#.#####.#.#......
............##..#.#####.#.#######
......#.................#.#######
......#..........................


You could see an orc warrior and 2 orcs.

Vanquished Creatures
  An iguana (D:3)
  A hound zombie (D:3)
  2 adders (D:3)
  An ooze (D:3)
  An orc (D:3)
  2 giant cockroaches (D:2)
  7 goblins
  6 hobgoblins
  7 jackals (D:3)
  2 kobolds (D:1)
  2 quokkas (D:3)
  2 ball pythons
  7 bats
  12 rats
53 creatures vanquished.

Notes
Turn   | Place    | Note
--------------------------------------------------------------
     0 | Abyss:1  | Ijustatesigmund the Demonspawn Abyssal Knight began the quest for the Orb.
     0 | Abyss:1  | Reached XP level 1. HP: 18/18 MP: 2/2
   138 | Abyss:1  | Noticed a quasit
   138 | D:1      | Escaped the Abyss
   219 | D:1      | Reached * piety under Lugonu
   253 | D:1      | Gained mutation: You regenerate a little health from kills. [demonic ancestry]
   253 | D:1      | Reached XP level 2. HP: 24/24 MP: 4/4
   885 | D:2      | Noticed Sigmund
   927 | D:3      | Gained mutation: You have a somewhat thin skeletal structure (Dex +2, Stealth). [demonic ancestry]
   927 | D:3      | Reached XP level 3. HP: 29/29 MP: 5/5
  1100 | D:3      | Reached ** piety under Lugonu
  1268 | D:3      | Reached XP level 4. HP: 34/36 MP: 6/6
  1379 | D:3      | Noticed an orc warrior
  1680 | D:3      | Reached skill level 4 in Invocations
  1950 | D:4      | Noticed nublet's ghost (amateur CeCj)
  2009 | D:3      | Hit by a tomahawk thrown by an orc warrior

Vault maps used:
D:1:      mrwooster_arrival_arrow
D:2:      minitemple, hangedman_decor_opposing, dk_vineyard_2, uniq_sigmund
D:3:      serial_bayou_pond_d
D:4:      minmay_temple_entry_statues_fountains, first_bread
Abyss:1:  evilmike_abyss_exit_8

Action                   |  1- 3 |  4- 6 || total
-------------------------+-------+-------++-------
Melee: Mace              |   139 |    63 ||   202
Invok: Depart the Abyss  |     1 |       ||     1
       Bend Space        |       |     1 ||     1
  Use: Scroll            |     4 |     3 ||     7
  Eat: Chunk             |     1 |     1 ||     2
       Pizza             |       |     1 ||     1
